 Dungeon Crawl Stone Soup version 0.32-a0-893-gf85d74f360 (webtiles) character file.

Game seed: 9851875279044946343

175 warriortoast the Ruffian (level 5, -1/34 (35) HPs)
             Began as an Octopode Shapeshifter on Apr 3, 2024.
             Slain by an orc wizard
             ... wielding a +0 dagger
              (3 damage)
             ... on level 3 of the Dungeon.
             The game lasted 00:03:53 (2301 turns).

warriortoast the Ruffian (Octopode Shapeshifter)    Turns: 2301, Time: 00:03:54

HP:   -1/34 (35)    AC:  1    Str: 15    XL:     5   Next: 55%
MP:   5/5           EV: 12    Int: 13    God:
Gold: 147           SH:  0    Dex: 11    Spells: 4/4 levels left

rFire   . .          .
                       - Unarmed
rCold   . . .        (no shield)
rNeg    . . .        (helmet currently unavailable)
rPois   +            k - amulet of reflection
rElec   .            g - ring of poison resistance
rCorr   .            (no ring)
SInv    .            (no ring)
Will    .....        (no ring)
Stlth   ++           (no ring)
HPRegen 0.25/turn    (no ring)
MPRegen 0.09/turn    (no ring)
                     (no ring)

%: reflection
@: confused, beast-form, lightly drained
A: beast (slay +2), almost no armour, amphibious, 8 rings, camouflage 1,
gelatinous body 1, (nimble swimmer 1), tentacles
a: Begin Untransformation


You were on level 3 of the Dungeon.
You were a hulking beast.
You visited 1 branch of the dungeon, and saw 3 of its levels.

You collected 147 gold pieces.

Inventory:

Missiles
 m - 3 darts of dispersal (quivered)
Jewellery
 g - a ring of poison resistance (left tentacle)
 k - an amulet of reflection (around mantle)
 l - a ring of magical power
Talismans
 b - a beast talisman (active)
 c - a flux talisman
 h - a serpent talisman
Scrolls
 f - a scroll of revelation {unknown}
 i - a scroll of enchant weapon {unknown}
 j - 3 scrolls of identify {unknown}
Potions
 a - 2 potions of lignification
 d - a potion of cancellation {unknown}
 e - 2 potions of curing {unknown}
 n - 2 potions of mutation {unknown}


   Skills:
 + Level 2.6 Fighting
 - Level 2.0 Dodging
 + Level 3.4 Stealth
 + Level 4.0 Unarmed Combat
 + Level 3.8 Shapeshifting


You had 4 spell levels left.
You didn't know any spells.
Your spell library contained the following spells:

 Spells                   Type           Power      Damage    Failure   Level
 Magic Dart               Conj           0%         1d3       30%         1
 Searing Ray              Conj           0%         2d4       43%         2
 Tukima's Dance           Hex            0%         N/A       67%         3
 Fulminant Prism          Conj/Alch      0%         3d5       97%         4
 Passage of Golubria      Tloc           0%         N/A       97%         4
 Yara's Violent Unravell  Hex/Alch       0%         3d3       100%        5


Dungeon Overview and Level Annotations

Branches:
Dungeon (3/15)

Altars:
Nemelex Xobeh
Ru


Innate Abilities, Weirdness & Mutations

You are a hulking beast.
Your limbs bulge with bestial killing power. (Slay +2)
You cannot wear most types of armour.
You are amphibious.
You can wear up to eight rings at the same time.
Your skin changes colour to match your surroundings (Stealth+).
Your rubbery body absorbs attacks. (AC +1, EV +1)
((You are camouflaged when in or above water. (Stealth+)))
You have tentacles for arms and can constrict up to eight enemies at once.


Message History

You kill the orc!
Something hits you. Something hits you.
The orc hits you with a +0 mace of draining.
You feel drained.
You see here a +0 mace.
You tentacle-slap the orc but do no damage.
You grab the orc. You constrict the orc. Something barely misses you.
The orc completely misses you.
You tentacle-slap the orc but do no damage.
The orc is severely wounded.
You constrict the orc.
You kill the orc!
Something hits you.
No target in view!
A magic dart appears from out of thin air!
The magic dart hits you!
Things that are here:
a +0 mace of draining; a +0 ring mail; an orc corpse Something hits you.
You see here a +0 mace.
You hear some strange, mumbled words.
A puff of flame appears from out of thin air!
The puff of flame hits you!
* * * LOW HITPOINT WARNING * * *
You closely miss something. You squeeze something! Something hits you.
* * * LOW HITPOINT WARNING * * *
You closely miss something.
You hear some strange, mumbled words.
You are confused.
You bump into the rock wall.
Something hits you.
* * * LOW HITPOINT WARNING * * *
Something hits you.
* * * LOW HITPOINT WARNING * * *
You see here a +0 mace.
You bump into the rock wall.
Something hits you.
* * * LOW HITPOINT WARNING * * *
Something hits you but does no damage. Something hits you.
You die...

......#.# #.#
......#.# #.##
......#.# #..
......#.# #..
.)....#.## #.######
#.#......# #.#....#
#.....#..####.##...#
†..#..........##.{####
#.>#.#.........)h.)).#
.#........##########.#
........### .#
.....#..# ## ...#.#..#
.#.#+#..# ##.....
...... ###....


There were no monsters in sight!

Vanquished Creatures
  An orc wizard (D:3)
  7 adders
  3 dart slugs
  3 ribbon worms
  9 orcs (D:3)
  3 bats
  3 endoplasms
  3 giant cockroaches
  3 hobgoblins
  7 jackals
  2 quokkas
  6 ball pythons
  3 goblins
  8 kobolds
  5 rats
66 creatures vanquished.

Notes
Turn   | Place    | Note
-------+----------+-------------------------------------------
     0 | D:1      | warriortoast the Octopode Shapeshifter began the quest for
                  | the Orb.
     0 | D:1      | Reached XP level 1. HP: 13/13 MP: 1/1
    67 | D:1      | Reached skill level 1 in Stealth
    67 | D:1      | Reached XP level 2. HP: 17/18 MP: 2/2
   596 | D:1      | Reached XP level 3. HP: 23/23 MP: 3/3
   964 | D:2      | Found a faded altar of an unknown god.
  1140 | D:2      | Reached XP level 4. HP: 24/29 MP: 4/4
  1335 | D:2      | Found a sacrificial altar of Ru.
  1405 | D:2      | Identified the staff "Qinwe" {^Fragile rF- Int+4 Stlth+
                  | Earth}
  1828 | D:3      | Found a sparkling altar of Nemelex Xobeh.
  1861 | D:3      | Reached XP level 5. HP: 25/35 MP: 5/5
  2210 | D:3      | Reached skill level 4 in Unarmed Combat
  2299 | D:3      | HP: 1/34 [something (3)]
  2301 | D:3      | Slain by an orc wizard

Illustrated notes

Levels and vault maps discovered:
D:1:      wander_arrival_lonely_grave, layout_loops_corners
D:2:      layout_loops_ring, basic_altar, chequers_ecumenical_altar_island
D:3:      layout_basic, mainiacjoe_overflow_24_doors

Skill      XL: |  1  2  3  4  5 |
---------------+----------------+-----
Stealth        | 1 2 3 |  3.4
Fighting       | 2 |  2.6
Unarmed Combat | 4 |  4.0
Dodging        | |  2.0
Shapeshifting  | |  3.8

Action                     |  1- 3 |  4- 6 || total
---------------------------+-------+-------++-------
  Melee: Unarmed           |    52 |    70 ||   122
         Constrict         |    14 |    18 ||    32
         Tentacles         |     8 |    12 ||    20
         Punch             |     2 |     3 ||     5
   Stab: Sleeping          |     7 |     8 ||    15
         Distracted        |       |     2 ||     2
 Armour: Skin              |    16 |    29 ||    45
  Dodge: Dodged            |    25 |    24 ||    49
  Block: Other             |       |     9 ||     9

Table legend: (Time is in decaauts)
 A = Elapsed time spent in this place.
 B = Non-inter-level travel time spent in this place.
 C = Inter-level travel time spent in this place.
 D = Time resting spent in this place.
 E = Time spent auto-exploring this place.
 F = Levels seen in this place.
 G = Mean time per level.
                   A        B        C        D        E       F      G
               +--------+--------+--------+--------+--------+-----+--------+
         Total |   2293 |   2255 |     38 |    215 |   1612 |   3 |  764.3 |
       Dungeon |   2293 |   2255 |     38 |    215 |   1612 |   3 |  764.3 |
               +--------+--------+--------+--------+--------+-----+--------+

Top non-repeatable levels by time:
     D:1: 909 daAuts
     D:2: 823 daAuts
     D:3: 560 daAuts
